 Dungeon Crawl Stone Soup version 0.28-a0-1510-gd0f6b136d3 (webtiles) character file.

Game seed: 5644398516108766502

2 kae the Insei (level 1, -1/15 HPs)
             Began as a Demonspawn Transmuter on Jan 14, 2022.
             Slain by a kobold (2 damage)
             ... on level 1 of the Dungeon.
             The game lasted 00:00:07 (44 turns).

kae the Insei (Demonspawn Transmuter)                 Turns: 44, Time: 00:00:08

Health: -1/15      AC:  2    Str: 10    XL:     1   Next: 25%
Magic:  2/3        EV: 12    Int: 14    God:
Gold:   0          SH:  0    Dex: 13    Spells: 3/4 levels left

rFire   . . .      SeeInvis .     - Unarmed
rCold   . . .      Faith    .   (no shield)
rNeg    . . .      Spirit   .   a - +0 robe
rPois   .          Reflect  .   (helmet currently unavailable)
rElec   .          Harm     .   (no cloak)
rCorr   .          Rampage  .   (no gloves)
Will    .....                   (boots currently unavailable)
Stlth   +.........              (no amulet)
HPRegen 0.05/turn               (no ring)
MPRegen 0.08/turn               (no ring)

@: appendages (expiring)
A: horns 2, talons 2
a: End Transformation


You were on level 1 of the Dungeon.
You had temporarily grown beastly horns and talons.
You visited 1 branch of the dungeon, and saw 1 of its levels.

Inventory:

Armour
 a - a +0 robe (worn)


   Skills:
 + Level 1.0 Fighting
 + Level 1.7 Dodging
 * Level 2.7 Unarmed Combat
 + Level 2.0 Spellcasting
 * Level 1.8 Transmutations


You had 3 spell levels left.
You knew the following spells:

 Your Spells              Type           Power      Damage    Failure   Level
a - Beastly Appendage     Tmut           12%        N/A       11%         1

Your spell library contained the following spells:

 Spells                   Type           Power      Damage    Failure   Level
 Wereblood                Tmut           6%         N/A       17%         2
 Spider Form              Tmut/Pois      3%         N/A       43%         3
 Ice Form                 Ice/Tmut       3%         N/A       85%         4


Dungeon Overview and Level Annotations

Branches:
Dungeon (1/15)

Altars:


Innate Abilities, Weirdness & Mutations

You have temporarily grown beastly horns and talons.


Message History

The ball python grabs you. The ball python constricts you.
The kobold hits you with a +0 short sword.
A bat comes into view.
You are too injured to fight recklessly!
You are too injured to fight recklessly!
You are too injured to fight recklessly!
You are too injured to fight recklessly!
You are too injured to fight recklessly!
You are too injured to fight recklessly!
You escape the ball python's grasp.
The ball python barely misses you. The ball python grabs you.
The ball python constricts you.
You escape the ball python's grasp.
The bat barely misses you.
The kobold throws a stone.
The stone hits you.
The kobold throws a stone.
The stone barely misses you. The bat barely misses you.
The bat barely misses you.
Casting: Beastly Appendage (safe; 12% risk of failure)
Confirm with . or Enter, or press ? or * to list all spells.
You extend your transformation's duration.
The bat barely misses you.
Your transformation is almost over.
The bat hits you. The bat misses you.
You hit the bat. Your kick misses the bat.
The bat is severely wounded.
The bat hits you.
You closely miss the bat.
The bat is severely wounded.
The bat closely misses you. The bat hits you but does no damage.
The bat hits you but does no damage.
You hit the bat.
You kill the bat!
The kobold throws a stone.
The stone hits you.
You aren't carrying any potions.
The kobold throws a stone.
The stone completely misses you. The kobold hits you with a +0 club.
* * * LOW HITPOINT WARNING * * *
You closely miss the kobold.
The kobold is heavily wounded.
The kobold hits you with a +0 club.
You die...

# #. #. #.#
... .. ....
#.##
.....#..#
.....$..#
..#.....###
#.##...K#####
# ##..SK@..#
#######.##
#..# ##.##
#..# ##.#
#####'#####
#.........#
##.........##


You could see a ball python and 2 kobolds.

Vanquished Creatures
  A bat (D:1)
  A frilled lizard (D:1)
2 creatures vanquished.

Notes
Turn   | Place    | Note
-------+----------+-------------------------------------------
     0 | D:1      | kae the Demonspawn Transmuter began the quest for the Orb.
     0 | D:1      | Reached XP level 1. HP: 15/15 MP: 3/3
    44 | D:1      | Slain by a kobold

Illustrated notes

Levels and vault maps discovered:
D:1:      mrwooster_arrival_statue_3, layout_rooms

Action                   || total
-------------------------++-------
Melee: Unarmed           ||    10
       Headbutt          ||     1
       Punch             ||     1
 Cast: Beastly Appendage ||     2
Armor: Robe              ||     5
Dodge: Dodged            ||    13

Table legend: (Time is in decaauts)
 A = Elapsed time spent in this place.
 B = Non-inter-level travel time spent in this place.
 C = Inter-level travel time spent in this place.
 D = Time resting spent in this place.
 E = Time spent auto-exploring this place.
 F = Levels seen in this place.
 G = Mean time per level.
                   A        B        C        D        E       F      G
               +--------+--------+--------+--------+--------+-----+--------+
         Total |     43 |     43 |      0 |      0 |     17 |   1 |   43.0 |
       Dungeon |     43 |     43 |      0 |      0 |     17 |   1 |   43.0 |
               +--------+--------+--------+--------+--------+-----+--------+

Top non-repeatable levels by time:
     D:1: 43 daAuts
